 Dungeon Crawl Stone Soup version 0.30-a0-458-g86641cc369 (webtiles) character file.

Game seed: 1889087974619371176

169 IdlyInterested the Trooper (level 5, 0/64 HPs)
             Began as a Demonspawn Wanderer on Dec 14, 2022.
             Slain by an orc
             ... wielding a +0 short sword
              (3 damage)
             ... on level 3 of the Dungeon.
             The game lasted 00:10:44 (2165 turns).

IdlyInterested the Trooper (Demonspawn Wanderer)    Turns: 2165, Time: 00:10:44

Health: 0/64       AC: 22    Str: 12    XL:     5   Next: 25%
Magic:  0/6        EV:  2    Int: 12    God:
Gold:   103        SH:  4    Dex: 16    Spells: 3/6 levels left

rFire   . . .      SeeInvis .    (no weapon)
rCold   . . .      Faith    .    A - +0 buckler
rNeg    . . .      Spirit   +    (body armour currently unavailable)
rPois   +          Reflect  .    (helmet currently unavailable)
rElec   .          Harm     .    (cloak currently unavailable)
rCorr   .          Rampage  .    (gloves currently unavailable)
Will    +....      NoTele   +    (boots currently unavailable)
Stlth   ++........               f - amulet of guardian spirit
HPRegen 0.30/turn                w - ring of willpower
MPRegen 0.10/turn                (no ring)

@: brilliant, tree-form
A: stationary, stasis, torment immunity, boosted hp, (molten scales 2)
a: no special abilities


You were on level 3 of the Dungeon.
You were a tree.
You visited 1 branch of the dungeon, and saw 3 of its levels.

You collected 103 gold pieces.

Inventory:

Hand Weapons
 a - a +0 dagger
 B - a +0 short sword
Missiles
 r - a curare-tipped dart
Armour
 b - a +0 buckler
 d - a +0 robe
 j - a +0 leather armour
 l - a +0 ring mail
 n - a +1 scale mail (melded)
 p - a +0 buckler
 s - a +0 buckler
 t - a scarf of resistance (melded)
 A - a +0 buckler (worn)
Jewellery
 f - an amulet of guardian spirit (around neck)
 m - an amulet of faith
 w - a ring of willpower (left branch)
Wands
 u - a wand of polymorph (6)
Scrolls
 c - a scroll of blinking
 e - 2 scrolls of fog
 i - a scroll of teleportation
 o - a scroll of poison
 v - a scroll of magic mapping {unknown}
 x - a scroll of identify {unknown}
 y - a scroll of vulnerability {unknown}
Potions
 h - a potion of brilliance
 k - a potion of curing {unknown}
 q - a potion of attraction {unknown}
 z - 2 potions of resistance {unknown}


   Skills:
 + Level 4.7 Fighting
 - Level 1.0 Throwing
 - Level 1.0 Armour
 - Level 1.0 Dodging
 - Level 1.0 Stealth
 - Level 1.7 Shields
 - Level 1.0 Spellcasting
 + Level 3.6 Earth Magic
 - Level 1.0 Evocations


You had 3 spell levels left.
You knew the following spells:

 Your Spells              Type           Power      Damage    Failure   Level
a - Sandblast             Erth           26%        2d8       9%          1
b - Passwall              Tmut/Erth      5%         N/A       28%         2

Your spell library contained the following spells:

 Spells                   Type           Power      Damage    Failure   Level
 Sublimation of Blood     Necr           0%         N/A       52%         2
 Wereblood                Tmut           0%         N/A       52%         2
 Animate Armour           Summ/Erth      14%        N/A       88%         4
 Summon Hydra             Summ           0%         N/A       100%        7


Dungeon Overview and Level Annotations

Branches:
Dungeon (3/15)

Altars:

Shops:
D:3 (

Annotations:
D:3 1 transporter


Innate Abilities, Weirdness & Mutations

You are a tree.
Your roots penetrate the ground, keeping you stationary.
You cannot be teleported.
You are immune to unholy pain and torment.
Your maximum health is greatly increased.
Your equipment is partially melded.
((You are mostly covered in molten scales. (AC +3)))


Message History

You barely miss Pargi.
Pargi is almost dead.
The orc hits you but does no damage. You block the orc's attack.
The kobold hits you but does no damage. Pargi completely misses you.
Pargi claws you. Pargi claws you but does no damage.
You closely miss Pargi.
Pargi is almost dead.
The orc hits you but does no damage. x2
The kobold hits you but does no damage. Pargi bites you but does no damage.
Pargi claws you but does no damage. Pargi claws you.
You closely miss Pargi.
Pargi is almost dead.
You block the orc's attack. The orc hits you with a +4 mace.
* * * LOW HITPOINT WARNING * * *
The kobold hits you but does no damage. Pargi bites you but does no damage.
Pargi barely misses you. You block Pargi's attack.
You hit Pargi.
Pargi is almost dead.
A bat comes into view.
The orc hits you with a +0 short sword.
* * * LOW HITPOINT WARNING * * *
The orc hits you but does no damage. You block the kobold's attack.
Pargi bites you.
* * * LOW HITPOINT WARNING * * *
Pargi claws you but does no damage. x2
You smack Pargi!
You kill Pargi!
The orc hits you but does no damage. The orc hits you with a +4 mace!
* * * LOW HITPOINT WARNING * * *
You block the kobold's attack.
Training target 1.0 for Throwing reached!
Your Fighting skill increases to level 4!
Your Throwing skill increases to level 1!
You have reached level 5!
Your demonic ancestry asserts itself...
Molten scales spread over more of your body.
You smack the orc!
You kill the orc!
The orc hits you with a +0 short sword.
You die...

# ##. .?..# .
... ....# #.#
#.# .....# ..
#.# .....#
###.##.##b.....
#..∩...KJo.#...
..#$##♣#.....©$
......Joo.######
#.##..#.S.#8P.©.
#(.#...#P../. #.
#...####+# #.
#...#.≈... .
#...#.≈... ..
....#.≈~~~
#...#.≈~⌠~


You could see 3 orcs, 2 endoplasms, a bat, a ball python and a kobold.

Vanquished Creatures
  Pargi (D:3)
  A gnoll (D:1)
  An adder (D:2)
  An orc (D:3)
  4 endoplasms
  5 giant cockroaches
  5 goblins
  8 hobgoblins
  3 jackals (D:2)
  3 kobolds
  2 quokkas (D:1)
  2 ball pythons
  6 bats
  8 frilled lizards
  7 rats
57 creatures vanquished.

Notes
Turn   | Place    | Note
-------+----------+-------------------------------------------
     0 | D:1      | IdlyInterested the Demonspawn Wanderer began the quest for
                  | the Orb.
     0 | D:1      | IdlyInterested set off with the following items: a +0
                  | dagger, a +0 buckler, a scroll of blinking, a +0 robe, a
                  | scroll of fog; and the following spell memorised:
                  | Sandblast; and the following spells available to memorise:
                  | Passwall, Animate Armour.
     0 | D:1      | Reached XP level 1. HP: 16/16 MP: 2/2
    45 | D:1      | Reached skill level 1 in Armour
    45 | D:1      | Gained mutation: You are partially covered in molten
                  | scales. (AC +2) [demonic ancestry]
    45 | D:1      | Reached XP level 2. HP: 1/23 MP: 0/3
   280 | D:1      | Reached skill level 1 in Dodging
   313 | D:1      | Reached XP level 3. HP: 27/28 MP: 4/4
   495 | D:1      | Reached skill level 3 in Fighting
   933 | D:1      | Learned a level 2 spell: Passwall
  1123 | D:2      | Reached skill level 1 in Evocations
  1493 | D:2      | Reached XP level 4. HP: 35/35 MP: 2/5
  2130 | D:3      | Found a transporter.
  2131 | D:3      | Found Lalir's Antique Weapon Boutique.
  2131 | D:3      | Noticed Pargi
  2164 | D:3      | Killed Pargi
  2164 | D:3      | HP: 2/52 [orc/+4 mace (7)]
  2165 | D:3      | Reached skill level 4 in Fighting
  2165 | D:3      | Reached skill level 1 in Throwing
  2165 | D:3      | Gained mutation: You are mostly covered in molten scales.
                  | (AC +3) [demonic ancestry]
  2165 | D:3      | Reached XP level 5. HP: 2/43 MP: 1/6
  2165 | D:3      | Slain by an orc

Illustrated notes

Levels and vault maps discovered:
D:1:      psy_arrival_fountain, layout_rooms, kennysheep_another_room,
          minmay_quantized
D:2:      layout_basic
D:3:      gammafunk_wand_slinger, layout_basic, nicolae_uskayaw_en_pointe,
          led_xom_imps, nicolae_overflow_hidden_temple,
          ebering_ghost_inner_flame, serial_shops, nicolae_shop_crystal,
          uniq_sigmund, uniq_pargi

Skill      XL: |  1  2  3  4 |
---------------+-------------+-----
Armour         | 1 |  1.0
Dodging        | 1 |  1.0
Fighting       | 3 4 |  4.7
Evocations     | 1 |  1.0
Throwing       | 1 |  1.0
Stealth        | |  1.0
Shields        | |  1.7
Spellcasting   | |  1.0
Earth Magic    | |  3.6

Action                   |  1- 3 |  4- 6 || total
-------------------------+-------+-------++-------
Melee: Dagger            |   237 |    57 ||   294
       Short sword       |       |    22 ||    22
       Unarmed           |       |    10 ||    10
Throw: Stone             |    18 |       ||    18
       Dart              |       |     2 ||     2
 Cast: Sandblast         |     3 |       ||     3
  Use: Scroll            |     4 |       ||     4
       Potion            |       |     2 ||     2
Armor: Robe              |    24 |       ||    24
       Scale mail        |    59 |    44 ||   103
       Ring mail         |    13 |       ||    13
       Skin              |     1 |    39 ||    40
Dodge: Dodged            |   100 |    42 ||   142
Block: Buckler           |    39 |    17 ||    56

Table legend: (Time is in decaauts)
 A = Elapsed time spent in this place.
 B = Non-inter-level travel time spent in this place.
 C = Inter-level travel time spent in this place.
 D = Time resting spent in this place.
 E = Time spent auto-exploring this place.
 F = Levels seen in this place.
 G = Mean time per level.
                   A        B        C        D        E       F      G
               +--------+--------+--------+--------+--------+-----+--------+
         Total |   2183 |   1917 |    266 |    248 |    852 |   3 |  727.7 |
       Dungeon |   2183 |   1917 |    266 |    248 |    852 |   3 |  727.7 |
               +--------+--------+--------+--------+--------+-----+--------+

Top non-repeatable levels by time:
     D:2: 1138 daAuts
     D:1: 1005 daAuts
     D:3: 39 daAuts
